 Dungeon Crawl Stone Soup version 0.17.2-1-ge4368a0 (webtiles) character file.

273 ololoev the Chopper (level 6, 27/47 HPs)
             Began as a Demonspawn Berserker on July 26, 2016.
             Was a Follower of Trog.
             Quit the game on level 4 of the Dungeon.
             The game lasted 00:06:01 (1075 turns).

ololoev the Chopper (Demonspawn Berserker)          Turns: 1075, Time: 00:06:02

Health: 27/47      AC:  5    Str: 19    XL:     6   Next: 2%
Magic:  6/6        EV: 11    Int:  9    God:    Trog [*.....]
Gold:   148        SH:  0    Dex: 12    Spells: 0 memorised, 5 levels left

rFire  + . .     SeeInvis .     a - +0 hand axe
rCold  . . .     Clarity  .     d - +0 ring mail
rNeg   + . .     SustAt   .     (no shield)
rPois  .         Gourm    .     (helmet restricted)
rElec  .         Spirit   .     (no cloak)
rCorr  .         Warding  .     (no gloves)
rMut   .         Stasis   .     (no boots)
MR     .....                    (no amulet)
Stlth  +.........               (no ring)
                                k - ring of positive energy

@: not resistant to hostile enchantments, very unstealthy
A: horns 1, fire resistance 1, powered by pain 1
a: Berserk, Burn Spellbooks, Renounce Religion


Innate Abilities, Weirdness & Mutations

You have a pair of small horns on your head.
Your flesh is heat resistant.
You sometimes gain a little power by taking damage.

Inventory:

Hand Weapons
 a - a +0 hand axe (weapon)
Armour
 d - a +0 ring mail (worn)
Jewellery
 k - a ring of positive energy (left hand)
Wands
 i - a wand of slowing (27)
Scrolls
 b - 2 scrolls of identify {unknown}
 c - a scroll of enchant weapon {unknown}
 e - 2 scrolls of recharging {unknown}
 g - 2 scrolls of teleportation {unknown}
 h - 3 scrolls of remove curse {unknown}
 m - 3 scrolls of magic mapping {unknown}
Potions
 f - a potion of ambrosia {unknown}
 j - 2 potions of brilliance {unknown}
 l - 2 potions of agility {unknown}


   Skills:
 - Level 3.0 Fighting
 * Level 5.2 Axes
 + Level 3.6 Armour
 - Level 1.7 Dodging


You had 5 spell levels left.
You didn't know any spells.


You were on level 4 of the Dungeon.
You worshipped Trog.
Trog was aware of your devotion.
You were not hungry.

You visited 1 branch of the dungeon, and saw 5 of its levels.
You also visited: Ossuary.

You collected 148 gold pieces.

#.##### #.# #. #.#
###.# #. #.# #...#
#. ###'#######...#
#. #.............#
## #.............#
#.............#
###'######....#
#.@.# #....# # #.###
#....+ +
#.####.########...##
#
#.............#####
######.######.# #.#
.# #.# .. #.# . #.#
##.

Notes
Turn   | Place    | Note
--------------------------------------------------------------
     0 | D:1      | ololoev the Demonspawn Berserker began the quest for the Orb.
     0 | D:1      | Reached XP level 1. HP: 18/18 MP: 1/1
   146 | D:2      | Gained mutation: Your flesh is heat resistant. [demonic ancestry]
   146 | D:2      | Reached XP level 2. HP: 21/24 MP: 2/2
   176 | D:2      | Noticed Natasha
   189 | D:2      | Killed Natasha
   189 | D:2      | Reached XP level 3. HP: 10/29 MP: 3/3
   262 | D:2      | Found a sparkling altar of Nemelex Xobeh.
   448 | D:2      | Reached ** piety under Trog
   492 | D:3      | Reached skill level 4 in Axes
   549 | D:4      | Noticed an ogre
   554 | D:4      | Killed an ogre
   554 | D:4      | Gained mutation: You have a pair of small horns on your head. [demonic ancestry]
   554 | D:4      | Reached XP level 4. HP: 35/35 MP: 4/4
   554 | D:4      | Reached XP level 5. HP: 41/41 MP: 5/5
   583 | D:4      | Found Osofaora's Antique Armour Emporium.
   654 | D:5      | Entered Level 5 of the Dungeon
   729 | D:4      | Found an iron altar of Okawaru.
   773 | D:4      | Found a sand-covered staircase.
   779 | Ossuary  | Entered an ossuary
   936 | Ossuary  | Reached skill level 5 in Axes
  1012 | Ossuary  | Gained mutation: You sometimes gain a little power by taking damage. [demonic ancestry]
  1012 | Ossuary  | Reached XP level 6. HP: 24/47 MP: 6/6
  1075 | D:4      | Quit the game

Dungeon Overview and Level Annotations

Branches:
Dungeon (5/15)
 Temple: D:4-7

Altars:
Nemelex Xobeh
Okawaru

Shops:
D:4 [


Message History

You open the door.
A mummy comes into view.
Found 67 gold pieces.
Found a gate leading back out of this place.
Use which ability? (? or * to list)
A red film seems to cover your vision as you go berserk!
You feel yourself moving faster!
You feel mighty!
You feel quite a bit more hungry.
You feel a strong urge to attack something.
You slash the mummy!
The mummy is severely damaged.
You hit the mummy. You headbutt the mummy.
You destroy the mummy!
You have reached level 6!
Your experience leads to an increase in your attributes!
Your base attributes are Str 18, Int 9, Dex 12.
Increase (S)trength, (I)ntelligence, or (D)exterity?
You feel stronger.
Your demonic ancestry asserts itself...
You feel energised by your suffering.
There is an open door here.
You feel a strong urge to attack something.
You now have 92 gold pieces (gained 11).
You are no longer berserk.
You are exhausted.
You feel yourself slow down.
You now have 108 gold pieces (gained 16).
You now have 114 gold pieces (gained 6).
You now have 136 gold pieces (gained 22).
You now have 148 gold pieces (gained 12).
There is a gate leading back out of this place here.
Welcome back to the Dungeon!
There is a collapsed entrance here.
As you open the door, it creaks loudly!
There is an open door here.
Search for what [? for help]? arti Unknown command.
You feel yourself speed up.
You feel less exhausted.
You open the door.
Are you sure you want to abandon this character and quit the game? (Confirm with "yes".)

There were no monsters in sight!

Vanquished Creatures
  An ogre (D:4)
  A human zombie (Ossuary)
  Natasha (D:2)
  A big kobold zombie (Ossuary)
  2 hound zombies (Ossuary)
  3 mummies (Ossuary)
  2 adders
  A worm (D:2)
  2 bats (D:2)
  2 giant cockroaches
  A gnoll zombie (Ossuary)
  2 goblins (D:2)
  6 hobgoblins
  A ball python (D:2)
  A giant newt (D:2)
  6 goblin zombies (Ossuary)
  2 hobgoblin zombies (Ossuary)
  2 kobolds
  2 kobold zombies (Ossuary)
  2 orc zombies (Ossuary)
  6 quokka zombies (Ossuary)
  5 rats
  2 rat zombies (Ossuary)
54 creatures vanquished.

Action                   |  1- 3 |  4- 6 || total
-------------------------+-------+-------++-------
Melee: Hand axe          |    80 |   115 ||   195
Invok: Berserk           |     5 |     1 ||     6
       Trog's Hand       |       |     2 ||     2
  Eat: Chunk             |     3 |     1 ||     4
       Bread ration      |       |     1 ||     1

Vault maps used:
D:1:      lightli_arrival_isolated_outpost
D:2:      kennysheep_six_static_rooms, nemelex_xobeh_ov_fountains_minmay,
          uniq_sigmund, uniq_natasha
D:3:      old_standard_altar, first_bread, nicolae_qazlal_general_emergency
D:4:      lemuel_crystal_altar, nicolae_ossuary_entry_plus, serial_shops,
          nicolae_shop_overgrown_old_shop, tgw_fedhas
D:5:      grunt_temple_overflow_order_and_chaos_2, elyvilon_altar_5
Ossuary:  minmay_ossuary_two_tombs
